 Dungeon Sprint DCSS version 0.32-a0-411-g744942f433 (webtiles) character file.

Game seed: 16027386219133223443

0 shadowstone the Shooter (level 1, -5/16 HPs)
             Began as a Coglin Hunter on Feb 20, 2024.
             Killed from afar by Sigmund (8 damage)
             ... with a puff of flame
             ... in the Dungeon (Sprint VI: "Thunderdome").
             The game lasted 00:00:35 (101 turns).

shadowstone the Shooter (Coglin Hunter)              Turns: 101, Time: 00:00:38

Health: -5/16      AC:  3    Str: 11    XL:     1   Next: 70%
Magic:  1/1        EV: 12    Int:  8    God:
Gold:   200        SH:  0    Dex: 17    Spells: 0/0 levels left

rFire   . . .        a - +0 shortbow {Appia}
rCold   . . .        (shield currently unavailable)
rNeg    . . .        c - +0 leather armour
rPois   .            (no helmet)
rElec   .            (no cloak)
rCorr   .            (no gloves)
SInv    .            (no boots)
Will    .....        (no amulet)
Stlth   +            (no ring)
HPRegen 0.22/turn    (no ring)
MPRegen 0.07/turn

%: no teleportation
@: confused, immotile, revved
A: off-hand wielding, slow wielding, warmup strikes, legs shutdown
a: no special abilities


You were in the Dungeon.
You visited 1 branch You collected 200 gold pieces.

Inventory:

Hand Weapons
 a - a +0 shortbow (weapon) {Appia}
Armour
 c - a +0 leather armour (worn)
Wands
 k - a wand of light (5)
 l - a wand of roots (5)
Scrolls
 b - a scroll of butterflies
 i - 4 scrolls of blinking
 m - 3 scrolls of fog
Potions
 d - a potion of curing
 e - 4 potions of heal wounds
 f - 4 potions of haste
 g - 2 potions of magic
 h - a potion of berserk rage
 j - 2 potions of resistance


   Skills:
 + Level 2.1 Fighting
 + Level 4.6 Ranged Weapons
 + Level 0.2 Armour
 + Level 1.8 Dodging
 + Level 0.7 Stealth


You couldn't memorise any spells.
You didn't know any spells.
Your spell library was empty.

Dungeon Overview and Level Annotations

Branches:
Dungeon (1/1)

Altars:
Cheibriados
Dithmenos
Makhleb
Ru
Sif Muna
Uskayaw
Vehumet
Wu Jian
Xom
Yredelemnul
Zin
Beogh

Shops:
D *[=???:(

Annotations:
D Sigmund


Innate Abilities, Weirdness & Mutations

You can wield a second weapon in your off-hand.
It takes a long time for you to wield or remove held weapons.
Your first few attacks do less damage.
Attacking and casting redirects power from your legs.


Message History

You shoot an arrow. The arrow hits Sigmund.
Sigmund is moderately wounded.
Sigmund hits you from afar with a +0 scythe.
You shoot an arrow.
The arrow hits Sigmund but does no damage.
Sigmund is moderately wounded.
Sigmund hits you from afar with a +0 scythe!
You are too injured to fight recklessly!
You are too injured to fight recklessly!
You are too injured to fight recklessly!
You are too injured to fight recklessly!
You are too injured to fight recklessly!
You are too injured to fight recklessly!
You are too injured to fight recklessly!
You are too injured to fight recklessly!
You are too injured to fight recklessly!
Sigmund gestures at you while chanting. You resist with significant effort.
Sigmund closely misses you.
You shoot an arrow. The arrow closely misses Sigmund.
You shoot an arrow. The arrow hits Sigmund.
Sigmund is heavily wounded.
Sigmund barely misses you.
You shoot an arrow. The arrow hits Sigmund.
Sigmund is heavily wounded.
Sigmund hits you with a +0 scythe.
* * * LOW HITPOINT WARNING * * *
You shoot an arrow. The arrow hits Sigmund.
Sigmund is heavily wounded. 50...
Sigmund points at you and mumbles some strange words.
You are confused.
You clumsily bash Sigmund but do no damage.
Sigmund is heavily wounded.
An adder comes into view.
Sigmund casts a spell at you. The puff of flame hits you!
Ouch! That really hurt!
You die...
Sigmund begins carving another notch in his scythe.

##∩.....∩# #∩.......∩
#_......._ #_......._
#_......._
###.........###
#⌠...........⌠#
######.ß.........ß.#
##∩___...@@.###......
#∩........ß.# .ß....
.........)..###......
.......).###...#
.........# #.<.#
.........# #...#
............###.S.
#∩........ß.# .ß...
##∩___......# ......


You could see Sigmund and an adder (wandering).

Vanquished Creatures
  An orc (D)
  A goblin (D)
2 creatures vanquished.

Notes
Turn   | Place    | Note
-------+----------+-------------------------------------------
     0 | D        | shadowstone the Coglin Hunter began the quest for the Orb.
     0 | D        | Reached XP level 1. HP: 16/16 MP: 1/1
     4 | D        | Found a basalt altar of Yredelemnul.
     4 | D        | Found a sacrificial altar of Ru.
     5 | D        | Found a snail-covered altar of Cheibriados.
     5 | D        | Found a shimmering blue altar of Sif Muna.
     5 | D        | Round 1.
     6 | D        | Found a glowing silver altar of Zin.
     6 | D        | Found a roughly hewn altar of Beogh.
     7 | D        | Found a radiant altar of Vehumet.
     7 | D        | Found a burning altar of Makhleb.
     7 | D        | Found a hide-covered altar of Uskayaw.
     7 | D        | Found Miesyfe's Magic Scroll Shop.
     7 | D        | Found Filu's Staff Store.
     8 | D        | Found Ewkiori's Timeless Talismans.
     8 | D        | Found Peost's Magic Scroll Shop.
     8 | D        | Found Hiwu's Must-Have Magic.
    16 | D        | Found a shadowy altar of Dithmenos.
    16 | D        | Found an ornate altar of the Wu Jian Council.
    16 | D        | Found a shimmering altar of Xom.
    16 | D        | Found Kaug's Identification Station.
    17 | D        | Found Dyofemen's Jewellery.
    17 | D        | Found Uhelov's Advanced Armour.
    29 | D        | Reached skill level 4 in Ranged Weapons
    86 | D        | Noticed Sigmund
   101 | D        | Killed from afar by Sigmund

Illustrated notes

Levels and vault maps discovered:
D:        arena_sprint

Skill      XL: |  1 |
---------------+----+-----
Ranged Weapons | 4 |  4.6
Fighting       | |  2.1
Armour         | |  0.2
Dodging        | |  1.8
Stealth        | |  0.7

Action                     || total
---------------------------++-------
  Melee: Shortbow          ||     1
   Fire: Shortbow          ||    21
 Armour: Leather armour    ||    14
  Dodge: Dodged            ||     3

Table legend: (Time is in decaauts)
 A = Elapsed time spent in this place.
 B = Non-inter-level travel time spent in this place.
 C = Inter-level travel time spent in this place.
 D = Time resting spent in this place.
 E = Time spent auto-exploring this place.
 F = Levels seen in this place.
 G = Mean time per level.
                   A        B        C        D        E       F      G
               +--------+--------+--------+--------+--------+-----+--------+
         Total |    106 |    102 |      4 |     49 |      0 |   1 |  106.0 |
       Dungeon |    106 |    102 |      4 |     49 |      0 |   1 |  106.0 |
               +--------+--------+--------+--------+--------+-----+--------+

Top non-repeatable levels by time:
       D: 106 daAuts
